 Dungeon Crawl Stone Soup version 0.25-a0-353-ged6d54792d (webtiles) character file.

Game seed: 6588373127853887929, levelgen mode: deterministic

1014 Esekla the Sneak (level 8, -1/40 HPs)
             Began as a Vine Stalker Assassin on Jan 1, 2020.
             Was an Initiate of Dithmenos.
             Slain by Duvessa
             ... wielding a +0 short sword
              (2 damage)
             ... on level 6 of the Dungeon.
             The game lasted 00:28:38 (5225 turns).

Esekla the Sneak (Vine Stalker Assassin)            Turns: 5225, Time: 00:28:38

Health: -1/40      AC:  3    Str: 15    XL:     8   Next: 21%
Magic:  0/14       EV: 18    Int: 13    God:    Dithmenos [......]
Gold:   340        SH:  0    Dex: 20    Spells: 13/13 levels left

rFire    . . .     SeeInvis .   t - +1 short sword (flame)
rCold    . . .     Gourm    .   (no shield)
rNeg     . . .     Faith    .   b - +0 robe
rPois    .         Spirit   +   (no helmet)
rElec    .         Reflect  .   c - +0 cloak
rCorr    .         Harm     .   (no gloves)
MR       +....                  (no boots)
Stlth    +++++.....             (no amulet)
HPRegen  0.53/turn              i - ring of flight
MPRegen  0.14/turn              (no ring)

@: agile
A: fangs 3, regeneration 1, magic shield, antimagic bite, no potion heal 3, rot
immunity
a: Renounce Religion, Evoke Flight


You were on level 6 of the Dungeon.
You worshipped Dithmenos.
Dithmenos was noncommittal.
You were not hungry.

You visited 2 branches of the dungeon, and saw 7 of its levels.

You collected 340 gold pieces.

Inventory:

Hand Weapons
 a - a +2 dagger
 t - a +1 short sword of flaming (weapon)
Missiles
 e - 2 curare-tipped darts
 m - 7 atropa-tipped darts
 u - 5 poisoned darts (quivered)
Armour
 b - a +0 robe (worn)
 c - a +0 cloak (worn)
Jewellery
 i - a ring of flight (left hand)
Wands
 x - a wand of disintegration (6)
Scrolls
 d - a scroll of random uselessness {unknown}
 g - 6 scrolls of teleportation
 h - 2 scrolls of amnesia {unknown}
 k - 3 scrolls of blinking {unknown}
 o - a scroll of fear {unknown}
 p - 4 scrolls of remove curse
 q - a scroll of magic mapping {unknown}
 r - 4 scrolls of identify
 v - a scroll of fog {unknown}
 w - 3 scrolls of noise {unknown}
Potions
 j - 3 potions of lignification
 l - 2 potions of curing
 n - a potion of haste
 z - a potion of cancellation
Comestibles
 f - 6 rations


   Skills:
 + Level 3.3 Fighting
 * Level 5.7 Short Blades
 + Level 2.7 Throwing
 + Level 1.9 Dodging
 + Level 6.8 Stealth
 * Level 3.4 Spellcasting


You had 13 spell levels left.
You didn't know any spells.
Your spell library was empty.

Dungeon Overview and Level Annotations

Branches:
Dungeon (6/15)             Temple (1/1) D:5

Altars:
Ashenzari
Dithmenos
Fedhas
Gozag
Hepliaklqana
Kikubaaqudgha
Okawaru
Qazlal
Ru
Sif Muna
Uskayaw
Wu Jian
Xom
Yredelemnul
Zin
The Shining One

Annotations:
D:6 Dowan, Duvessa


Innate Abilities, Weirdness & Mutations

You have razor-sharp teeth.
Your natural rate of healing is unusually fast.
When hurt, damage is shared between your health and your magic reserves.
Your bite disrupts and absorbs the magic of your enemies.
Potions cannot restore your health.
You are immune to rotting.


Message History

You hit Duvessa but do no damage.
Duvessa is severely wounded.
Duvessa hits you with a +0 short sword.
* * * LOW HITPOINT WARNING * * *
Okay, then.
You feel agile all of a sudden. Duvessa hits you with a +0 short sword.
* * * LOW HITPOINT WARNING * * *
You closely miss Duvessa. You bite Duvessa, but do no damage.
Duvessa is severely wounded.
Dowan hits you with a +0 dagger.
* * * LOW HITPOINT WARNING * * *
Duvessa hits you with a +0 short sword!
* * * LOW HITPOINT WARNING * * *
You hit Duvessa. You burn Duvessa. You bite Duvessa, but do no damage.
Duvessa is severely wounded.
Dowan hits you with a +0 dagger.
* * * LOW HITPOINT WARNING * * *
Duvessa hits you with a +0 short sword.
You die...

### ######.#
#......# #.####e#
#.# #@# #.# #e#
#.##...$#
#.##....#
#)##....#
#)##....#
#########.####...
#<.....)..# ####
###########


You could see Duvessa and Dowan.

Vanquished Creatures
  An orc warrior (D:6)
  A phantom (D:5)
  Blork the orc (D:4)
  A scorpion (D:5)
  A bullfrog zombie (D:5)
  2 crimson imps (D:5)
  3 orc priests
  A hound (D:4)
  A gnoll shaman (D:4)
  4 orc wizards
  A worker ant (D:5)
  A hound skeleton (D:4)
  A howler monkey zombie (D:5)
  7 adders
  12 gnolls
  2 oozes
  An adder skeleton (D:4)
  5 worms
  3 dart slugs
  3 leopard geckos
  12 orcs
  2 ball pythons
  4 bats
  5 giant cockroaches
  2 gnoll zombies (D:3)
  7 hobgoblins
  10 jackals
  A quokka (D:4)
  2 frilled lizards
  7 goblins
  11 kobolds
  A leopard gecko skeleton (D:4)
  A leopard gecko zombie (D:5)
  7 rats
  A bush (D:2)
125 creatures vanquished.

Notes
Turn   | Place    | Note
-------+----------+-------------------------------------------
     0 | D:1      | Esekla the Vine Stalker Assassin began the quest for the
                  | Orb.
     0 | D:1      | Reached XP level 1. HP: 11/11 MP: 2/2
   221 | D:2      | Reached skill level 5 in Stealth
   229 | D:2      | Reached XP level 2. HP: 15/15 MP: 3/3
   281 | D:2      | Found an opulent altar of Gozag.
   940 | D:1      | Reached XP level 3. HP: 12/18 MP: 1/4
  1860 | D:2      | Reached skill level 1 in Dodging
  2101 | D:2      | Found a hazy altar of Hepliaklqana.
  2219 | D:3      | Gained mutation: Your natural rate of healing is unusually
                  | fast. [Vine Stalker growth]
  2219 | D:3      | Reached XP level 4. HP: 23/23 MP: 6/6
  2265 | D:3      | Reached skill level 1 in Spellcasting
  2442 | D:3      | Reached skill level 6 in Stealth
  2458 | D:3      | HP: 1/23 [gnoll (6)]
  2485 | D:3      | Reached XP level 5. HP: 10/26 MP: 4/8
  2677 | D:3      | Found a blossoming altar of Fedhas.
  2923 | D:3      | Found an iron altar of Okawaru.
  3052 | D:3      | Found a basalt altar of Yredelemnul.
  3361 | D:4      | Reached XP level 6. HP: 30/30 MP: 10/10
  3483 | D:4      | Noticed Blork the orc
  3533 | D:4      | Killed Blork the orc
  4043 | D:5      | Entered Level 5 of the Dungeon
  4225 | D:5      | Reached XP level 7. HP: 35/35 MP: 11/11
  4386 | D:5      | Found a sacrificial altar of Ru.
  4594 | D:5      | Found a staircase to the Ecumenical Temple.
  4601 | D:5      | Reached skill level 5 in Short Blades
  4607 | Temple   | Entered the Ecumenical Temple
  4639 | Temple   | Became a worshipper of Dithmenos the Shadowed
  4822 | D:5      | Found a shadowy altar of Dithmenos.
  4868 | D:5      | Found a shattered altar of Ashenzari.
  4917 | D:5      | Gained mutation: You have razor-sharp teeth. [Vine Stalker
                  | growth]
  4917 | D:5      | Reached XP level 8. HP: 38/40 MP: 11/13
  5197 | D:6      | Noticed Duvessa
  5197 | D:6      | Noticed Dowan
  5224 | D:6      | HP: 1/40 [Duvessa/+0 short sword (4)]
  5225 | D:6      | Slain by Duvessa

Levels and vault maps discovered:
D:1:      lemuel_arrival_funnel, layout_rooms
D:2:      layout_basic, nicolae_overflow_hidden_temple, serial_forest,
          infiniplex_forest_lined_2, infiniplex_forest_end_1,
          infiniplex_forest_end_2, infiniplex_forest_straight_3,
          infiniplex_forest_clump_curved, infiniplex_forest_end_1,
          nicolae_gozag_seed_capital
D:3:      layout_basic, old_standard_altar, okawaru_altar_gauntlet_db,
          lemuel_zombie_altar_yredelemnul, first_ration, serial_bayou_crossing
D:4:      minmay_general_purpose_star, layout_basic, serial_bayou_lagoon_b,
          uniq_blork_the_orc
D:5:      layout_basic, hangedman_ru_absence, kennysheep_mini,
          minmay_temple_entry_proselytizer, grunt_dithmenos_shadows
D:6:      layout_basic, serial_shops, shop_fountains, uniq_duvessa, uniq_pikel
Temple:   eino_temple_lava

Skill      XL: |  1  2  3  4  5  6  7 |
---------------+----------------------+-----
Stealth        | 5 6 |  6.8
Short Blades   | 2 3 4 5 |  5.7
Fighting       | 2 3 |  3.3
Dodging        | 1 |  1.9
Throwing       | 2 |  2.7
Spellcasting   | 1 2 3 |  3.4

Action                   |  1- 3 |  4- 6 |  7- 9 || total
-------------------------+-------+-------+-------++-------
Melee: Dagger            |   316 |       |       ||   316
       Bite              |   141 |    40 |    48 ||   229
       Short sword       |     3 |   181 |   149 ||   333
Throw: Dart              |    17 |    25 |     8 ||    50
  Use: Scroll            |       |     6 |     1 ||     7
       Potion            |       |       |     1 ||     1
 Stab: Sleeping          |    10 |    10 |     7 ||    27
       Distracted        |     1 |       |     1 ||     2
  Eat: Chunk             |     1 |     6 |     4 ||    11
       Ration            |     1 |       |       ||     1
Armor: Robe              |    10 |    25 |    16 ||    51
Dodge: Dodged            |    48 |    81 |    50 ||   179

Table legend:
 A = Non-vault XP
 B = Vault XP
 C = Vault XP percentage of total XP
 D = Non-vault monster count
 E = Vault monster count
 F = Vault count percentage of total count
                 A         B        C        D         E       F
            +---------+---------+-------+---------+---------+-------
      Total |    1173 |     276 |  19.0 |     112 |      12 |   9.7
            +---------+---------+-------+---------+---------+-------
        D:1 |      32 |       0 |   0.0 |      18 |       0 |   0.0
        D:2 |      45 |       0 |   0.0 |      16 |       0 |   0.0
        D:3 |     184 |      27 |  12.8 |      29 |       8 |  21.6
        D:4 |     230 |      92 |  28.6 |      19 |       2 |   9.5
        D:5 |     501 |     157 |  23.9 |      27 |       2 |   6.9
        D:6 |     181 |       0 |   0.0 |       3 |       0 |   0.0
            +---------+---------+-------+---------+---------+-------
